 Dungeon Crawl Stone Soup version 0.23.0 (webtiles) character file.

Game seed: 5659641702720914074

9767 Enish the Cleaver (level 11, 0/151 HPs)
             Began as a Minotaur Berserker on Feb 17, 2019.
             Was a High Priest of Trog.
             Slain by a 14-headed hydra (4 damage)
             ... on level 2 of the Lair of Beasts.
             The game lasted 00:08:03 (8106 turns).

Enish the Cleaver (Minotaur Berserker)              Turns: 8106, Time: 00:08:04

Health: 0/151      AC: 18    Str: 27    XL:     11   Next: 27%
Magic:  3/3        EV: 19    Int:  4    God:    Trog [*****.]
Gold:   513        SH:  0    Dex: 13    Spells: 10/10 levels left

rFire    . . .     SeeInvis .   B - +3 battleaxe (antimagic)
rCold    . . .     Gourm    .   (shield currently unavailable)
rNeg     . . .     Faith    .   C - +4 chain mail of Mysticism {Regen+}
rPois    .         Spirit   .   (helmet restricted)
rElec    .         Reflect  .   q - +0 cloak
rCorr    +         Harm     .   (no gloves)
MR       .....                  o - +0 pair of boots
Stlth    ..........             d - amulet of regeneration
HPRegen  1.15/turn              y - +5 ring of evasion
MPRegen  0.08/turn              k - ring of resist corrosion

@: mighty, berserking, flying (expiring), very quick
A: retaliatory headbutt, horns 2
a: Berserk, Trog's Hand, Brothers in Arms, Renounce Religion


You were on level 2 of the Lair of Beasts.
You worshipped Trog.
Trog was extremely pleased with you.
You were not hungry.

You visited 2 branches of the dungeon, and saw 11 of its levels.
You also visited: Ossuary.

You collected 639 gold pieces.
You spent 126 gold pieces at shops.

Inventory:

Hand Weapons
 a - a +1 hand axe
 s - a -3 hand axe
   (You found it on level 6 of the Dungeon)
 z - a +0 war axe
   (You found it on level 8 of the Dungeon)
 B - a +3 antimagic battleaxe (weapon)
   (Trog gifted it to you on level 9 of the Dungeon)
Armour
 l - a +4 scale mail of poison resistance
   (You found it on level 4 of the Dungeon)
 o - a +0 pair of boots (worn)
   (You found it on level 8 of the Dungeon)
 q - a +0 cloak (worn)
   (You found it on level 3 of the Dungeon)
 C - the +4 chain mail of Mysticism (worn) {Regen+}
   (You found it on level 9 of the Dungeon)

   It increases your rate of regeneration.
Jewellery
 d - an amulet of regeneration (around neck)
   (You found it on level 1 of the Dungeon)
 i - an uncursed ring of see invisible
   (You found it on level 1 of the Lair of Beasts)
 k - a ring of resist corrosion (right hand)
   (You found it on level 8 of the Dungeon)
 n - an uncursed ring of positive energy
   (You found it on level 2 of the Lair of Beasts)
 y - a +5 ring of evasion (left hand)
   (You found it on level 7 of the Dungeon)
Wands
 c - a wand of iceblast (5)
   (You found it on level 7 of the Dungeon)
 t - a wand of enslavement (8)
   (You took it off a gnoll on level 4 of the Dungeon)
 v - a wand of digging (22)
   (You took it off a centaur on level 8 of the Dungeon)
Scrolls
 f - 9 scrolls of teleportation
 g - 3 scrolls of brand weapon {unknown}
 j - 4 scrolls of magic mapping
 p - 6 scrolls of blinking
 r - 6 scrolls of identify
 w - 2 scrolls of remove curse
Potions
 h - 5 potions of haste
 u - 5 potions of brilliance
 A - a potion of magic
 E - 9 potions of curing
Comestibles
 b - a chunk of flesh
 e - 12 rations


   Skills:
 + Level 10.9 Fighting
 * Level 11.8 Axes
 + Level 10.6 Armour
 + Level 9.8 Dodging


You had 10 spell levels left.
You didn't know any spells.
Your spell library was empty.

Dungeon Overview and Level Annotations

Branches:
Dungeon (9/15)             Temple (0/1) D:7            Lair (2/6) D:9
    Orc (0/2) D:9
  Swamp: Lair:2-4    Shoals: Lair:2-4     Snake: Lair:2-4    Spider: Lair:2-4

Altars:
Dithmenos
Hepliaklqana
Nemelex Xobeh
Qazlal
Ru
Uskayaw
Vehumet
Xom
Yredelemnul
Zin

Shops:
D:4 ?   D:8 :


Innate Abilities, Weirdness & Mutations

You reflexively headbutt those who attack you in melee.
You have a pair of horns on your head.


Message History

The 13-headed hydra bites you but does no damage.
The 13-headed hydra barely misses you. The 13-headed hydra bites you!
* * * LOW HITPOINT WARNING * * *
You are too injured to fight recklessly!
You chop one of the 13-headed hydra's heads off!
The 12-headed hydra grows two more!
You slash the 14-headed hydra!
The 14-headed hydra is heavily wounded.
The 14-headed hydra misses you. x2
The 14-headed hydra bites you but does no damage.
The 14-headed hydra closely misses you.
The 14-headed hydra completely misses you.
The 14-headed hydra misses you. The 14-headed hydra bites you!
* * * LOW HITPOINT WARNING * * *
The 14-headed hydra bites you but does no damage.
The 14-headed hydra completely misses you.
The 14-headed hydra bites you.
* * * LOW HITPOINT WARNING * * *
The 14-headed hydra bites you but does no damage. x2
The 14-headed hydra bites you.
You die...

#. ..## #... ###t#
...###....
.P#..##.......#.
......#...8.....
P............##
#...#.8...8..P
#...#..Dl.....
####$....@.8...#
................#
....###....#.....#
..................
....+.8...#...#...
....#..#.#....# ..
...##+.....### .
#....[..##
##......#


You could see a 14-headed hydra, a komodo dragon and a crocodile.

Vanquished Creatures
  2 hydras (Lair:1)
  3 spiny frogs (Lair:1)
  A komodo dragon (Lair:1)
  3 hippogriffs
  A spriggan (D:8)
  4 yaks (Lair:1)
  3 hungry ghosts (D:9)
  A water moccasin (Lair:1)
  A two-headed ogre zombie (D:9)
  3 porcupines
  A sky beast (D:9)
  6 black bears
  4 ogres
  2 orc warriors (D:9)
  2 phantoms
  3 ice beasts
  6 centaurs
  7 crocodiles
  9 bullfrogs
  A gnoll sergeant (D:4)
  A wyvern zombie (D:8)
  5 scorpions
  A wyvern skeleton (D:4)
  A killer bee (D:9)
  3 troll zombies (D:9)
  3 wights (D:6)
  A crimson imp (D:8)
  A howler monkey (D:6)
  A centaur skeleton (D:9)
  A hound (D:4)
  2 human zombies (D:7)
  4 orc priests
  4 jellies
  Jessica (D:2)
  2 iguanas (D:4)
  Natasha (twice) (D:3)
  An orc wizard (D:7)
  3 worker ants
  5 big kobold zombies (Ossuary)
  4 ogre zombies (D:9)
  2 hound skeletons
  A mummy (Ossuary)
  9 gnolls
  A worker ant zombie (D:5)
  A howler monkey skeleton (D:9)
  8 adders
  4 oozes
  A worm zombie (D:7)
  An adder skeleton (D:7)
  A worm (D:5)
  3 dart slugs
  4 leopard geckos
  8 orcs
  2 spectral bats (Ossuary)
  6 giant cockroaches
  3 goblins (D:1)
  6 hobgoblins
  5 jackals
  8 kobolds
  2 quokkas
  6 bats
  5 frilled lizards
  7 gnoll zombies (Ossuary)
  4 goblin simulacra (Ossuary)
  2 goblin skeletons (D:9)
  9 goblin zombies
  3 hobgoblin skeletons (D:9)
  6 hobgoblin zombies
  4 kobold simulacra (Ossuary)
  6 kobold zombies (Ossuary)
  2 leopard gecko skeletons
  3 orc skeletons (D:9)
  14 orc zombies
  11 rats
  3 rat simulacra (Ossuary)
  5 spectral goblins (Ossuary)
  2 spectral kobolds (Ossuary)
  A spectral rat (Ossuary)
  5 fungi
  A plant (D:9)
284 creatures vanquished.

Vanquished Creatures (others)
  A kobold simulacrum (Ossuary)
  4 fungi
  3 plants (D:9)
8 creatures vanquished.

Grand Total: 292 creatures vanquished

Notes
Turn   | Place    | Note
-------+----------+-------------------------------------------
     0 | D:1      | Enish the Minotaur Berserker began the quest for the Orb.
     0 | D:1      | Reached XP level 1. HP: 19/19 MP: 0/0
   294 | D:1      | Reached XP level 2. HP: 27/27 MP: 1/1
   518 | D:1      | Reached skill level 4 in Axes
   824 | D:1      | Reached XP level 3. HP: 29/33 MP: 2/2
  1220 | D:2      | Noticed Jessica
  1222 | D:2      | Found a glowing silver altar of Zin.
  1226 | D:2      | Killed Jessica
  1241 | D:2      | Noticed an angel
  1246 | D:2      | Found a shimmering altar of Xom.
  1248 | D:2      | Reached XP level 4. HP: 40/40 MP: 3/3
  1306 | D:2      | Reached ** piety under Trog
  1475 | D:2      | Found a shadowy altar of Dithmenos.
  1476 | D:2      | Found a basalt altar of Yredelemnul.
  1708 | D:3      | Found a hazy altar of Hepliaklqana.
  1746 | D:3      | Found a hide-covered altar of Uskayaw.
  2059 | D:3      | Noticed Natasha
  2066 | D:3      | Killed Natasha
  2066 | D:3      | Reached XP level 5. HP: 41/47 MP: 4/4
  2297 | D:3      | Noticed Natasha
  2303 | D:3      | Killed Natasha
  2326 | D:3      | Reached skill level 5 in Axes
  2397 | D:4      | Reached skill level 5 in Fighting
  2397 | D:4      | Reached XP level 6. HP: 51/56 MP: 5/5
  2591 | D:4      | Found Raneygea's Magic Scroll Shoppe.
  2596 | D:4      | Bought a scroll of teleportation for 36 gold pieces
  2596 | D:4      | Bought a scroll of blinking for 90 gold pieces
  2929 | D:4      | Reached skill level 5 in Armour
  2977 | D:4      | Reached XP level 7. HP: 40/62 MP: 6/6
  3127 | D:4      | Reached skill level 6 in Axes
  3269 | D:4      | Reached skill level 5 in Dodging
  3398 | D:5      | Entered Level 5 of the Dungeon
  3664 | D:5      | Found a sparkling altar of Nemelex Xobeh.
  3967 | D:6      | Reached XP level 8. HP: 71/71 MP: 7/7
  4059 | D:6      | Reached *** piety under Trog
  4063 | D:6      | Reached skill level 7 in Axes
  4255 | D:6      | Found a stormy altar of Qazlal.
  4260 | D:6      | Noticed an air elemental
  4784 | D:7      | Found a staircase to the Ecumenical Temple.
  5094 | D:7      | Found a sand-covered staircase.
  5111 | D:7      | Reached XP level 9. HP: 81/81 MP: 8/8
  5119 | Ossuary  | Entered an ossuary
  5161 | Ossuary  | Reached **** piety under Trog
  5274 | Ossuary  | Reached skill level 8 in Axes
  5299 | Ossuary  | Received a gift from Trog
  5921 | D:8      | Found a radiant altar of Vehumet.
  5997 | D:8      | Found a sacrificial altar of Ru.
  6133 | D:8      | Reached ***** piety under Trog
  6158 | D:8      | Found Judiasush's Book Shoppe.
  6559 | D:9      | Reached skill level 9 in Axes
  6708 | D:9      | Reached XP level 10. HP: 91/91 MP: 9/9
  6744 | D:9      | Found a staircase to the Lair.
  6780 | D:9      | Found a staircase to the Orcish Mines.
  6813 | D:9      | Received a gift from Trog
  6829 | D:9      | Received a gift from Trog
  6847 | D:9      | Identified the +4 chain mail of Mysticism {Regen+} (You
                  | found it on level 9 of the Dungeon)
  6945 | D:9      | Reached skill level 10 in Axes
  7054 | D:9      | Reached skill level 10 in Fighting
  7331 | Lair:1   | Entered Level 1 of the Lair of Beasts
  7331 | Lair:1   | Noticed a seven-headed hydra
  7339 | Lair:1   | Killed a ten-headed hydra
  7339 | Lair:1   | Reached skill level 10 in Armour
  7427 | Lair:1   | Reached skill level 11 in Axes
  7476 | Lair:1   | Noticed a spiny frog
  7481 | Lair:1   | Killed a spiny frog
  7509 | Lair:1   | Reached XP level 11. HP: 101/101 MP: 3/10
  7611 | Lair:1   | Noticed a six-headed hydra
  7622 | Lair:1   | Killed an 11-headed hydra
  8095 | Lair:2   | Noticed an eight-headed hydra
  8106 | Lair:2   | HP: 4/151 [14-headed hydra (4)]
  8106 | Lair:2   | Slain by a 14-headed hydra

Skill      XL: |  1  2  3  4  5  6  7  8  9 10 |
---------------+-------------------------------+-----
Axes           | 4 5 6 7 9 11 | 11.8
Fighting       | 4 5 6 7 9 10 | 10.9
Armour         | 3 4 5 6 7 9 10 | 10.6
Dodging        | 3 4 5 6 8 9 |  9.8

Action                   |  1- 3 |  4- 6 |  7- 9 | 10-12 || total
-------------------------+-------+-------+-------+-------++-------
Melee: Hand axe          |    51 |   129 |   357 |       ||   537
       Headbutt          |     7 |    18 |    86 |    42 ||   153
       War axe           |       |       |    49 |    53 ||   102
       Battleaxe         |       |       |       |    95 ||    95
Invok: Trog's Hand       |       |     3 |     3 |     1 ||     7
       Berserk           |       |     2 |     7 |     5 ||    14
  Use: Scroll            |     3 |     9 |     2 |     5 ||    19
       Potion            |       |     3 |       |     4 ||     7
 Stab: Sleeping          |       |     1 |       |       ||     1
  Eat: Chunk             |     1 |     9 |    14 |    10 ||    34
       Ration            |       |       |     2 |     2 ||     4
Armor: Animal skin       |    11 |    15 |       |       ||    26
       Scale mail        |       |     6 |   137 |    15 ||   158
       Chain mail        |       |       |       |    75 ||    75
Dodge: Dodged            |    25 |    94 |   314 |   176 ||   609
